 Dungeon Crawl Stone Soup version 0.30.1-4-g462c640d31 (webtiles) character file.

Game seed: 11382619039730569140

616 klappster the Chopper (level 7, -2/61 HPs)
             Began as a Minotaur Fighter on Sept 7, 2023.
             Slain by Duvessa
             ... wielding a +0 rapier
              (3 damage)
             ... on level 4 of the Dungeon.
             The game lasted 00:06:20 (2220 turns).

klappster the Chopper (Minotaur Fighter)            Turns: 2220, Time: 00:06:20

Health: -2/61      AC:  8    Str: 22    XL:     7   Next: 21%
Magic:  0/6        EV:  9    Int:  5    God:
Gold:   138        SH:  5    Dex: 10    Spells: 6/6 levels left

rFire   + . .        a - +1 war axe
rCold   . . .        c - +0 buckler
rNeg    . . .        b - +1 scale mail
rPois   .            (helmet restricted)
rElec   .            (no cloak)
rCorr   .            (no gloves)
SInv    .            (no boots)
Will    .....        z - amulet of guardian spirit Stlth
                     j - ring of protection from fire
HPRegen 0.30/turn    (no ring)
MPRegen 0.10/turn

%: guardian spirit
@: no status effects
A: horns 2, retaliatory headbutt
a: no special abilities


You were on level 4 of the Dungeon.
You visited 1 branch of the dungeon, and saw 4 of its levels.

You collected 138 gold pieces.

Inventory:

Hand Weapons
 a - a +1 war axe (weapon)
Armour
 b - a +1 scale mail (worn)
 c - a +0 buckler (worn)
Jewellery
 j - a ring of protection from fire (left hand)
 m - a ring of wizardry
 z - an amulet of guardian spirit (around neck)
Wands
 r - a wand of iceblast (8)
 u - a wand of acid (8)
Scrolls
 e - a scroll of blinking
 n - a scroll of teleportation
 t - a scroll of identify
 x - a scroll of amnesia
Potions
 d - a potion of might
 g - a potion of cancellation {unknown}
 h - 2 potions of curing {unknown}
 i - 2 potions of mutation {unknown}
 k - a potion of degeneration {unknown}
 l - 2 potions of attraction {unknown}
 p - a potion of ambrosia {unknown}
 s - a potion of magic {unknown}
 v - a potion of flight {unknown}
 w - a potion of haste {unknown}


   Skills:
 + Level 5.5 Fighting
 * Level 6.3 Axes
 + Level 5.5 Armour
 + Level 5.5 Shields


You had 6 spell levels left.
You didn't know any spells.
Your spell library contained the following spells:

 Spells                   Type           Power      Damage    Failure   Level
 Blink                    Tloc           0%         N/A       94%         2
 Ensorcelled Hibernation  Hex/Ice        0%         N/A       94%         2
 Lesser Beckoning         Tloc           0%         N/A       94%         2
 Momentum Strike          Conj/Tloc      0%         3d8       94%         2
 Ozocubu's Armour         Ice            0%         N/A       99%         3
 Spider Form              Tmut/Pois      0%         N/A       99%         3
 Anguish                  Hex/Necr       0%         N/A       100%        4
 Metabolic Englaciation   Hex/Ice        0%         N/A       100%        5
 Simulacrum               Ice/Necr       0%         N/A       100%        6


Dungeon Overview and Level Annotations

Branches:
Dungeon (4/15)
 Temple: D:4-7

Altars:
Kikubaaqudgha

Shops:
D:1 =

Annotations:
D:4 Dowan, Duvessa


Innate Abilities, Weirdness & Mutations

You have a pair of horns on your head.
You reflexively headbutt those who attack you in melee.


Message History

Duvessa is moderately wounded.
Duvessa hits you with a +0 rapier.
* * * LOW HITPOINT WARNING * * *
You closely miss the iguana. You closely miss Duvessa.
Duvessa says, "My weaknesses are his strengths!"
Duvessa barely misses you. The iguana bites you.
* * * LOW HITPOINT WARNING * * *
Dowan mumbles some strange words.
Dowan blinks!
You hit the iguana but do no damage. You hit Duvessa but do no damage.
Duvessa closely misses you. The iguana bites you.
* * * LOW HITPOINT WARNING * * *
You barely miss the iguana.
You headbutt the iguana, but do no damage.
You hit Duvessa. Duvessa hits you with a +0 rapier.
* * * LOW HITPOINT WARNING * * *
The iguana completely misses you.
You hit the iguana.
The iguana is lightly wounded.
You closely miss Duvessa.
Duvessa says, "Where magic fails, the sword succeeds!"
Duvessa hits you but does no damage. The iguana bites you.
* * * LOW HITPOINT WARNING * * *
Duvessa barely misses you.
The iguana bites you but does no damage.
You closely miss the iguana.
The iguana is lightly wounded.
You hit Duvessa but do no damage. Duvessa misses you.
The iguana bites you but does no damage.
You slash the iguana!
You headbutt the iguana, but do no damage.
The iguana is almost dead.
You hit Duvessa. Duvessa hits you with a +0 rapier.
* * * LOW HITPOINT WARNING * * *
You block the iguana's attack.
Dowan says, "My weaknesses are her strengths!"
You slash the iguana!
You kill the iguana!
You barely miss Duvessa. Duvessa hits you with a +0 rapier.
You die...

...######l#..#
... ..#.## ..#
##.#.# #$.
....# ##+###.#
#.# #....#.#
.l. #....#.#
...
###+####....#†#
..$.....o..o#@#
..........eoe.#
...........g###
.......!..###
........###
........#
.......>.
........=
.......


You could see Duvessa, Dowan, a gnoll and an orc.

Vanquished Creatures
  Sigmund (D:3)
  A black bear (D:4)
  A bullfrog (D:3)
  A hound (D:3)
  2 iguanas
  Jessica (D:3)
  Ijyb (D:3)
  Robin (D:3)
  3 gnolls (D:4)
  7 adders
  2 white imps (D:3)
  A worm (D:2)
  2 dart slugs
  2 orcs (D:3)
  12 endoplasms
  5 giant cockroaches
  6 hobgoblins
  3 quokkas
  3 ball pythons
  6 bats
  3 frilled lizards
  10 goblins
  6 kobolds
  A rat (D:1)
81 creatures vanquished.

Notes
Turn   | Place    | Note
-------+----------+-------------------------------------------
     0 | D:1      | klappster the Minotaur Fighter began the quest for the Orb.
     0 | D:1      | Reached XP level 1. HP: 19/19 MP: 0/0
    61 | D:1      | Found Lejuucwi's Jewellery Boutique.
    87 | D:1      | Reached XP level 2. HP: 25/27 MP: 1/1
   165 | D:1      | Reached skill level 3 in Axes
   258 | D:1      | Found a faded altar of an unknown god.
   461 | D:2      | You fall into a shaft and drop 1 floor!
   477 | D:3      | Reached XP level 3. HP: 33/33 MP: 2/2
   490 | D:3      | Identified the +0 helmet "Zuasomog" {Int+4}
   490 | D:3      | Noticed Robin
   499 | D:3      | Killed Robin
   500 | D:3      | Reached XP level 4. HP: 28/40 MP: 3/3
   562 | D:3      | Noticed Sigmund
   565 | D:3      | Killed Sigmund
   566 | D:3      | Reached skill level 4 in Axes
   566 | D:3      | Reached XP level 5. HP: 47/47 MP: 4/4
   592 | D:3      | Reached skill level 5 in Axes
   659 | D:3      | Found an ancient bone altar of Kikubaaqudgha.
   754 | D:3      | Reached XP level 6. HP: 24/55 MP: 5/5
  1085 | D:3      | Noticed Ijyb
  1091 | D:3      | Killed Ijyb
  1092 | D:3      | Reached skill level 5 in Armour
  1092 | D:3      | Reached skill level 5 in Shields
  1348 | D:3      | Noticed Jessica
  1353 | D:3      | Reached skill level 5 in Fighting
  1355 | D:3      | Killed Jessica
  2024 | D:2      | Reached skill level 6 in Axes
  2181 | D:4      | Noticed Dowan
  2183 | D:4      | Noticed Duvessa
  2203 | D:4      | Reached XP level 7. HP: 36/61 MP: 3/6
  2216 | D:4      | HP: 3/61 [Duvessa/+0 rapier (5)]
  2217 | D:4      | HP: 1/61 [iguana (3)]
  2220 | D:4      | Slain by Duvessa

Illustrated notes

Levels and vault maps discovered:
D:1:      erik_arrival_orb_chamber, layout_rooms,
          hellmonk_ecumenical_altar_prayer_group, serial_shops, shop
D:2:      layout_basic
D:3:      layout_basic, nicolae_kikubaaqudgha_miasma_corner,
          nrook_loot_triangle, uniq_jessica, uniq_sigmund, uniq_ijyb, uniq_robin
D:4:      layout_basic, minmay_temple_entry_trees, serial_shops, shop,
          uniq_duvessa

Skill      XL: |  1  2  3  4  5  6 |
---------------+-------------------+-----
Axes           | 3 4 5 6 |  6.3
Fighting       | 4 5 |  5.5
Armour         | 4 5 |  5.5
Shields        | 4 5 |  5.5

Action                     |  1- 3 |  4- 6 |  7- 9 || total
---------------------------+-------+-------+-------++-------
  Melee: War axe           |    41 |    92 |    17 ||   150
         Headbutt          |     4 |     5 |     3 ||    12
    Use: Scroll            |       |     7 |       ||     7
 Armour: Scale mail        |    27 |    29 |     6 ||    62
  Dodge: Dodged            |    26 |    50 |     8 ||    84
  Block: Buckler           |    13 |    21 |     6 ||    40
